 Dungeon Crawl Stone Soup version 0.26-a0-30-g56b8cd3df0 (webtiles) character file.

Game seed: 9183689114628909086, levelgen mode: deterministic

3003 MisterFreud the Carver (level 9, -2/62 HPs)
             Began as an Octopode Gladiator on May 29, 2020.
             Was a Priest of Cheibriados.
             Slain by an orc wizard
             ... wielding a +0 dagger
              (3 damage)
             ... on level 7 of the Dungeon.
             The game lasted 00:09:46 (9507 turns).

MisterFreud the Carver (Octopode Gladiator)         Turns: 9507, Time: 00:09:46

Health: -2/62      AC:  1    Str: 20    XL:     9   Next: 84%
Magic:  10/10      EV: 20    Int: 20    God:    Cheibriados [***...]
Gold:   315        SH:  0    Dex: 21    Spells: 8/8 levels left

rFire    . . .     SeeInvis .   a - +0 long sword
rCold    . . .     Gourm    .   (no shield)
rNeg     . . .     Faith    .   m - +0 hat
rPois    .         Spirit   .   (no amulet)
rElec    .         Reflect  .   (no ring)
rCorr    .         Harm     .   (no ring)
MR       .....                  (no ring)
Stlth    +++.......             (no ring)
HPRegen  0.20/turn              (no ring)
MPRegen  0.12/turn              (no ring)
                                (no ring)
                                (no ring)

@: very slow
A: almost no armour, stealthy swim, amphibious, 8 rings, constrict 8, camouflage
1, gelatinous body 1
a: Bend Time, Temporal Distortion, Renounce Religion


You were on level 7 of the Dungeon.
You worshipped Cheibriados.
Cheibriados was most pleased with you.
You were not hungry.

You visited 2 branches of the dungeon, and saw 8 of its levels.

You collected 315 gold pieces.

Inventory:

Hand Weapons
 a - a +0 long sword (weapon)
 b - a +3 hunting sling
Missiles
 c - 2 throwing nets (quivered)
 l - 139 stones
 r - 31 poisoned darts
 v - 15 sling bullets
 w - 20 boomerangs
Armour
 m - a +0 hat (worn)
Scrolls
 f - 8 scrolls of identify
 h - 5 scrolls of remove curse
 j - 4 scrolls of teleportation {unknown}
 k - 2 scrolls of blinking {unknown}
 n - 3 scrolls of amnesia {unknown}
 o - 2 scrolls of fear {unknown}
 p - 3 scrolls of enchant weapon {unknown}
 q - 2 scrolls of enchant armour {unknown}
 t - 2 scrolls of immolation {unknown}
 u - a scroll of fog {unknown}
 y - a scroll of magic mapping {unknown}
 C - a scroll of vulnerability {unknown}
Potions
 e - a potion of might
 g - 2 potions of flight
 i - a potion of lignification
 s - 2 potions of haste
 x - a potion of ambrosia {unknown}
 z - 2 potions of heal wounds {unknown}
 A - a potion of stabbing {unknown}
Comestibles
 d - 16 rations
 B - 5 chunks of flesh


   Skills:
 - Level 6.0 Fighting
 + Level 9.7 Long Blades
 - Level 2.0 Throwing
 - Level 8.0 Dodging
 + Level 2.4 Invocations


You had 8 spell levels left.
You didn't know any spells.
Your spell library was empty.

Dungeon Overview and Level Annotations

Branches:
Dungeon (7/15)             Temple (1/1) D:4

Altars:
Ashenzari
Cheibriados
Dithmenos
Elyvilon
Fedhas
Gozag
Kikubaaqudgha
Makhleb
Nemelex Xobeh
Okawaru
Qazlal
Ru
Trog
Uskayaw
Vehumet
Wu Jian
Xom
Yredelemnul
The Shining One

Annotations:
D:6 2 transporters


Innate Abilities, Weirdness & Mutations

You cannot wear most types of armour.
You are very stealthy in the water. (Stealth+)
You are amphibious.
You can wear up to eight rings at the same time.
You can use your tentacles to constrict eight enemies at once.
Your skin changes colour to match your surroundings (Stealth+).
Your rubbery body absorbs attacks. (AC +1, EV +1)


Message History

You squeeze the necrophage.
You destroy the necrophage!
Cheibriados appreciates the change of pace.
You slash the orc wizard! Your grab misses the orc wizard.
The orc wizard is severely wounded.
You constrict the orc warrior. The orc completely misses you.
The orc warrior hits you with a +0 hand axe!
The orc wizard gestures wildly while chanting.
The orc wizard flickers and vanishes!
Deactivating autopickup; reactivate with Ctrl-A.
You hit the orc warrior but do no damage.
The orc warrior is lightly wounded.
You constrict the orc warrior, but do no damage.
The orc hits you with a +0 club.
* * * LOW HITPOINT WARNING * * *
The orc barely misses you.
The orc warrior hits you with a +0 hand axe!
* * * LOW HITPOINT WARNING * * *
Something hits you.
You die...

#.......# .......#
.###......# ..........#
........# ...o..# #oo{.#
#@o.#.# #.... #.o.#.#
#....###### #...#.#
#.........######...#.#
#..............#.#.#.#
#..............#.....#
#..............###...#
#..............# ##..#
#..............####..###


You could see an orc warrior and 4 orcs.

Vanquished Creatures
  Prince Ribbit (D:5)
  Menkaure (D:6)
  An orc warrior (D:6)
  A water moccasin (D:6)
  3 ice beasts
  2 phantoms (D:6)
  4 centaurs
  4 ogres
  A necrophage (D:7)
  5 bullfrogs
  A scorpion (D:7)
  A howler monkey (D:7)
  2 jellies (D:6)
  3 crimson imps
  2 hounds (D:7)
  4 orc wizards
  5 orc priests
  3 centaur skeletons
  Jessica (D:3)
  3 worker ants
  A hound skeleton (D:5)
  4 gnolls
  9 adders
  3 shadow imps (D:6)
  An ooze (D:5)
  4 dart slugs
  5 worms
  6 leopard geckos
  25 orcs
  4 ball pythons
  6 bats
  8 giant cockroaches
  4 goblins
  11 hobgoblins
  4 jackals
  2 quokkas (D:6)
  2 frilled lizards
  15 kobolds
  A leopard gecko skeleton (D:4)
  5 rats
168 creatures vanquished.

Notes
Turn   | Place    | Note
-------+----------+-------------------------------------------
     0 | D:1      | MisterFreud the Octopode Gladiator began the quest for the
                  | Orb.
     0 | D:1      | Reached XP level 1. HP: 14/14 MP: 1/1
   599 | D:1      | Reached XP level 2. HP: 15/20 MP: 2/2
   982 | D:1      | Reached XP level 3. HP: 20/26 MP: 3/3
  1549 | D:2      | Found a glowing golden altar of the Shining One.
  2240 | D:2      | Reached XP level 4. HP: 29/33 MP: 4/4
  3054 | D:3      | Noticed Jessica
  3061 | D:3      | Killed Jessica
  3061 | D:3      | Reached skill level 4 in Long Blades
  3061 | D:3      | Reached XP level 5. HP: 32/37 MP: 5/5
  3503 | D:3      | Found an iron altar of Okawaru.
  3555 | D:3      | Found a hide-covered altar of Uskayaw.
  3595 | D:3      | Reached skill level 5 in Long Blades
  3916 | D:4      | HP: 1/37 [orc priest/divine providence (13)]
  3918 | D:4      | Reached XP level 6. HP: 15/43 MP: 6/6
  4211 | D:4      | Reached skill level 6 in Long Blades
  4511 | D:4      | Found a staircase to the Ecumenical Temple.
  4614 | Temple   | Entered the Ecumenical Temple
  4652 | Temple   | Became a worshipper of Cheibriados the Contemplative
  5482 | D:5      | Entered Level 5 of the Dungeon
  5496 | D:5      | Reached XP level 7. HP: 48/48 MP: 7/7
  5619 | D:5      | Reached skill level 5 in Dodging
  5798 | D:5      | Found a radiant altar of Vehumet.
  5840 | D:5      | Reached * piety under Cheibriados
  6349 | D:5      | Found a basalt altar of Yredelemnul.
  6495 | D:5      | Noticed Prince Ribbit
  6503 | D:5      | Found an ornate altar of the Wu Jian Council.
  6504 | D:5      | Killed Prince Ribbit
  6504 | D:5      | Reached XP level 8. HP: 18/54 MP: 8/8
  7478 | D:6      | Reached ** piety under Cheibriados
  7717 | D:6      | Found a transporter.
  7732 | D:6      | Reached skill level 5 in Fighting
  7865 | D:6      | HP: 2/55 [orc wizard/puff of frost (9)]
  7866 | D:6      | Reached skill level 7 in Long Blades
  7866 | D:6      | Reached XP level 9. HP: 13/61 MP: 9/9
  8382 | D:6      | Reached skill level 8 in Long Blades
  8655 | D:6      | Found a transporter.
  8767 | D:6      | Noticed Menkaure
  8775 | D:6      | Killed Menkaure
  9051 | D:7      | Reached skill level 9 in Long Blades
  9110 | D:7      | Reached *** piety under Cheibriados
  9388 | D:7      | Reached skill level 1 in Invocations
  9507 | D:7      | HP: 1/62 [orc warrior/+0 hand axe (17)]
  9507 | D:7      | Slain by an orc wizard

Illustrated notes

Levels and vault maps discovered:
D:1:      dpeg_arrival_shrine, layout_basic
D:2:      minmay_door_path, layout_loops_corners, tso_metal_star, st_stairs_1
D:3:      layout_rooms, nicolae_overflow_crystal_walls, first_ration,
          okawaru_metal_pillars_3, uniq_jessica
D:4:      minmay_evil_eye, layout_basic, minmay_temple_entry_crystal_x
D:5:      layout_loops_ring, kennysheep_mini_moat, lemuel_doored_altar,
          nicolae_overflow_hidden_temple, uniq_prince_ribbit1
D:6:      gammafunk_cloud_chamber, layout_basic, grunt_ministairs_15,
          uniq_menkaure
D:7:      kennysheep_housing_project, layout_basic, basic_altar
Temple:   compressed_dpeg_circular_temple

Skill      XL: |  1  2  3  4  5  6  7  8  9 |
---------------+----------------------------+-----
Fighting       | 3 4 5 6 |  6.0
Long Blades    | 4 5 6 7 9 |  9.7
Dodging        | 4 7 8 |  8.0
Invocations    | 2 |  2.4
Throwing       | |  2.0

Action                   |  1- 3 |  4- 6 |  7- 9 || total
-------------------------+-------+-------+-------++-------
Melee: Long sword        |    57 |    97 |   187 ||   341
       Constrict         |    28 |    33 |    48 ||   109
       Tentacles         |    10 |    37 |    57 ||   104
 Fire: Hunting sling     |       |     5 |    45 ||    50
Throw: Throwing net      |       |       |     2 ||     2
       Boomerang         |       |       |     2 ||     2
  Use: Scroll            |       |     2 |     2 ||     4
       Potion            |       |     2 |     1 ||     3
 Stab: Sleeping          |     2 |     7 |     7 ||    16
       Distracted        |       |       |     2 ||     2
  Eat: Chunk             |     4 |    10 |     7 ||    21
Armor: Skin              |     2 |     5 |     3 ||    10
Dodge: Dodged            |    45 |    75 |   148 ||   268
       Rpst.: Long sword |    16 |    20 |    50 ||    86

Table legend:
 A = Non-vault XP
 B = Vault XP
 C = Vault XP percentage of total XP
 D = Non-vault monster count
 E = Vault monster count
 F = Vault count percentage of total count
                 A         B        C        D         E       F
            +---------+---------+-------+---------+---------+-------
      Total |    3492 |     799 |  18.6 |     147 |      21 |  12.5
            +---------+---------+-------+---------+---------+-------
        D:1 |      37 |       0 |   0.0 |      20 |       0 |   0.0
        D:2 |      62 |      25 |  28.7 |      22 |       6 |  21.4
        D:3 |      97 |      37 |  27.6 |      21 |       1 |   4.5
        D:4 |     247 |      86 |  25.8 |      16 |       4 |  20.0
        D:5 |     837 |     264 |  24.0 |      24 |       1 |   4.0
        D:6 |    1536 |     213 |  12.2 |      36 |       3 |   7.7
        D:7 |     676 |     174 |  20.5 |       8 |       6 |  42.9
            +---------+---------+-------+---------+---------+-------
